 Dungeon Crawl Stone Soup version 0.31-a0-986-g5e6e4ef867 (webtiles) character file.

Game seed: 12977212860876446774

2833 Persephone the Severer (level 9, 0/59 (70) HPs)
             Began as a Minotaur Monk on Nov 8, 2023.
             Was an Elder of Okawaru.
             Slain by Jeremiah
             ... wielding a +4 trident of draining
              (2 damage)
             ... on level 7 of the Dungeon.
             The game lasted 00:09:41 (6118 turns).

Persephone the Severer (Minotaur Monk)              Turns: 6118, Time: 00:09:41

HP:   0/59 (70)     AC:  9    Str: 26    XL:     9   Next: 45%
MP:   8/8           EV:  9    Int:  7    God:    Okawaru [****..]
Gold: 259           SH:  0    Dex: 13    Spells: 8/8 levels left

rFire   . . .        k - +0 war axe (flame)
rCold   . . .        d - orb {light}
rNeg    . . .        l - +1 chain mail
rPois   .            (helmet restricted)
rElec   .            i - scarf {harm}
rCorr   +            (no gloves)
SInv    .            (no boots)
Will    .....        (no amulet) Stlth
                     s - ring of resist corrosion
HPRegen 0.29/turn    p - +6 ring of strength
MPRegen 0.11/turn

%: harm (+30% outgoing, +20% incoming)
@: glowing, heavily drained
A: horns 2, retaliatory headbutt
a: Renounce Religion, Heroism, Finesse


You were on level 7 of the Dungeon.
You worshipped Okawaru.
Okawaru was greatly pleased with you.
You visited 2 branches of the dungeon, and saw 8 of its levels.

You collected 259 gold pieces.

Inventory:

Hand Weapons
 k - a +0 war axe of flaming (weapon)
Missiles
 t - 5 javelins
 w - a throwing net
Armour
 b - a +0 robe
 d - an orb of light (worn)
 i - a scarf of harm (worn)
 j - a +0 ring mail
 l - a +1 chain mail (worn)
Jewellery
 p - a +6 ring of strength (right hand)
 s - a ring of resist corrosion (left hand)
 B - a ring of positive energy
Wands
 y - a wand of iceblast (18)
Scrolls
 a - a scroll of brand weapon
 c - a scroll of enchant weapon
 f - a scroll of immolation
 n - 3 scrolls of teleportation
 q - a scroll of fog
 x - 2 scrolls of poison
Potions
 e - a potion of enlightenment
 g - 2 potions of resistance
 h - a potion of attraction
 m - 2 potions of degeneration
 o - 2 potions of brilliance
 r - a potion of heal wounds {unknown}
 u - a potion of cancellation {unknown}
 v - a potion of berserk rage {unknown}
 z - 2 potions of might {unknown}


   Skills:
 - Level 3.6 Fighting
 + Level 15.6 Axes
 - Level 3.2 Dodging


You had 8 spell levels left.
You didn't know any spells.
Your spell library contained the following spells:

 Spells                   Type           Power      Damage    Failure   Level
 Inner Flame              Hex/Fire       0%         N/A       100%        3
 Flame Wave               Conj/Fire      0%         2d4       100%        4
 Sticky Flame             Conj/Fire      0%         2d3       100%        4


Dungeon Overview and Level Annotations

Branches:
Dungeon (7/15)             Temple (1/1) D:4

Altars:
Cheibriados
Dithmenos
Elyvilon
Fedhas
Gozag
Hepliaklqana
Makhleb
Nemelex Xobeh
Okawaru
Qazlal
Ru
Sif Muna
Trog
Uskayaw
Wu Jian
Xom
Yredelemnul
Zin
The Shining One

Shops:
D:3 =   D:5 *

Annotations:
D:7 Jeremiah


Innate Abilities, Weirdness & Mutations

You have a pair of horns on your head.
You reflexively headbutt those who attack you in melee.


Message History

Jeremiah hits you with a +4 trident of draining.
You feel drained.
You barely miss Jeremiah. You slash the butterfly! You burn the butterfly.
You kill the butterfly!
The butterfly disappears in a burst of colours!
You closely miss the butterfly. You hit the butterfly but do no damage.
The butterfly disappears in a burst of colours!
Jeremiah hits you with a +4 trident of draining!
You feel drained.
You hit Jeremiah but do no damage. You barely miss the butterfly.
You hit the butterfly. You burn the butterfly.
You kill the butterfly!
The butterfly disappears in a burst of colours!
You hit the butterfly. You burn the butterfly.
You kill the butterfly!
The butterfly disappears in a burst of colours!
You closely miss the butterfly. You hit Jeremiah. You burn Jeremiah.
Jeremiah is lightly wounded.
You hit the butterfly. You burn the butterfly.
You kill the butterfly!
The butterfly disappears in a burst of colours!
Jeremiah hops!
You hit the butterfly. You burn the butterfly.
You kill the butterfly!
The butterfly disappears in a burst of colours! x2
Unknown command.
The butterfly disappears in a burst of colours!
Jeremiah hits you from afar with a +4 trident of draining!
You feel drained.
Jeremiah lets out a twisted cry.
Something smites you!
* * * LOW HITPOINT WARNING * * *
Okay, then.
You fail to use your ability.
Jeremiah hits you with a +4 trident of draining.
* * * LOW HITPOINT WARNING * * *
You feel drained.
You die...
Jeremiah wails, "I didn't mean to kill anyone!
I'm not a murderer!"

..#######..#####+##+####.....#...
..'................b...#.....'...
..#..........b.........#.....####
..#'####...bb..........#......
.......#.....##.b##.b..#.>....
.......#..b..##..##....######..
.......'.....##b.##....b.... ..
'#.....#...b...b............ ###
.#.....#.##+###b@##....##....
..######.##..##bF##....# .... #.#
#.......##bb##......>... .##
#....†..##b.##...<### ## ..#
#..........bb+....# ..#
#.......b...####### .##
##+###..##..# ## #..##+## #..#


You could see Jeremiah.

Vanquished Creatures
  A two-headed ogre (D:7)
  A troll (D:7)
  Sigmund (D:3)
  A wyvern (D:7)
  A steam dragon (D:6)
  Eustachio (D:4)
  Menkaure (D:7)
  A water moccasin (D:6)
  An orc warrior (D:6)
  2 black bears
  2 ogres (D:6)
  A centaur (D:7)
  A bullfrog (D:7)
  A scorpion (D:7)
  2 jellies
  3 hounds (D:6)
  A gnoll bouda (D:6)
  4 iguanas
  3 orc wizards
  Robin (D:4)
  7 gnolls
  4 adders
  A shadow imp (D:6)
  5 worms
  2 dart slugs
  5 orcs
  12 endoplasms
  A giant cockroach (D:2)
  18 goblins
  13 hobgoblins
  5 jackals
  6 quokkas
  9 ball pythons
  8 bats
  5 frilled lizards
  7 kobolds
  4 rats
142 creatures vanquished.

Notes
Turn   | Place    | Note
-------+----------+-------------------------------------------
     0 | D:1      | Persephone the Minotaur Monk began the quest for the Orb.
     0 | D:1      | Reached XP level 1. HP: 19/19 MP: 0/0
    78 | D:1      | Reached skill level 4 in Axes
   153 | D:1      | Reached XP level 2. HP: 13/26 MP: 1/1
   388 | D:1      | Reached skill level 5 in Axes
   441 | D:1      | Reached XP level 3. HP: 28/31 MP: 2/2
  1409 | D:3      | Reached skill level 6 in Axes
  1409 | D:3      | Reached XP level 4. HP: 39/39 MP: 3/3
  1532 | D:3      | Found a basalt altar of Yredelemnul.
  1532 | D:3      | Found a hazy altar of Hepliaklqana.
  1661 | D:3      | Noticed Sigmund
  1679 | D:3      | Killed Sigmund
  1680 | D:3      | Reached skill level 8 in Axes
  1680 | D:3      | Reached XP level 5. HP: 26/45 MP: 4/4
  1791 | D:3      | Found Sedish's Jewellery Emporium.
  1805 | D:3      | Reached XP level 6. HP: 51/51 MP: 5/5
  2076 | D:4      | Noticed Robin
  2091 | D:4      | Killed Robin
  2361 | D:4      | Reached skill level 9 in Axes
  2496 | D:4      | Identified the +2 quarterstaff of the Tired Princes {heavy,
                  | rC+ rCorr Str+3 Stlth-}
  2679 | D:4      | Found a staircase to the Ecumenical Temple.
  2896 | D:4      | Noticed Eustachio
  2914 | D:4      | Killed Eustachio
  2915 | D:4      | Reached XP level 7. HP: 57/57 MP: 6/6
  3027 | Temple   | Entered the Ecumenical Temple
  3038 | Temple   | Became a worshipper of Warmaster Okawaru
  3038 | Temple   | Reached * piety under Okawaru
  3038 | Temple   | Reached ** piety under Okawaru
  3214 | D:4      | Reached skill level 10 in Axes
  3220 | D:4      | Found a sparkling altar of Nemelex Xobeh.
  3342 | D:5      | Entered Level 5 of the Dungeon
  3388 | D:5      | Found Ulaseveg's Assorted Antiques.
  3830 | D:5      | Found a sacrificial altar of Ru.
  4125 | D:5      | Found a burning altar of Makhleb.
  4323 | D:6      | Noticed a steam dragon
  4336 | D:6      | Killed a steam dragon
  4337 | D:6      | Reached skill level 11 in Axes
  4593 | D:6      | Reached XP level 8. HP: 64/64 MP: 7/7
  4822 | D:6      | Reached skill level 12 in Axes
  5180 | D:6      | Reached *** piety under Okawaru
  5348 | D:6      | Reached skill level 13 in Axes
  5504 | D:7      | Noticed Menkaure
  5513 | D:7      | Killed Menkaure
  5606 | D:7      | Noticed a two-headed ogre
  5611 | D:7      | Killed a two-headed ogre
  5612 | D:7      | Reached skill level 14 in Axes
  5612 | D:7      | Reached XP level 9. HP: 57/70 MP: 5/8
  5720 | D:7      | Found a shadowy altar of Dithmenos.
  5723 | D:7      | Identified the +8 ring mail "Heahest" {rN+++ Dex-3 SInv
                  | Stlth+}
  5806 | D:7      | Noticed a troll
  5813 | D:7      | Reached skill level 15 in Axes
  5814 | D:7      | Killed a troll
  6082 | D:7      | Reached **** piety under Okawaru
  6093 | D:7      | Noticed Jeremiah
  6118 | D:7      | HP: 2/61 [Jeremiah/+4 trident of draining (7)]
  6118 | D:7      | Slain by Jeremiah

Illustrated notes

Levels and vault maps discovered:
D:1:      lemuel_arrival_rhombus, layout_rooms, minmay_misc_feat_room
D:2:      layout_basic, minmay_pentomino_z4
D:3:      layout_basic, gammafunk_temple_overflow_elements, serial_shops, shop,
          uniq_sigmund
D:4:      layout_basic, mainiacjoe_overflow_alcove_2,
          minmay_temple_entry_drinking_statues, uniq_eustachio, uniq_robin
D:5:      layout_gridville, nicolae_ru_great_annihilating_truth,
          general_overflow_altar, serial_shops, kennysheep_little_box
D:6:      layout_basic
D:7:      layout_gridville, nicolae_dithmenos_through_a_glass_darkly,
          serial_bayou_pond_a, uniq_menkaure, uniq_jeremiah
Temple:   hellmonk_temple_forest_ring

Skill      XL: |  1  2  3  4  5  6  7  8  9 |
---------------+----------------------------+-----
Axes           | 4 5 6 8 9 11 14 15 | 15.6
Fighting       | |  3.6
Dodging        | |  3.2

Action                     |  1- 3 |  4- 6 |  7- 9 || total
---------------------------+-------+-------+-------++-------
  Melee: Hand axe          |    78 |    88 |    44 ||   210
         Headbutt          |    15 |    18 |    39 ||    72
         War axe           |       |       |    90 ||    90
 Invoke: Heroism           |       |       |     2 ||     2
    Use: Potion            |     1 |     1 |     2 ||     4
         Scroll            |       |     8 |     8 ||    16
   Stab: Paralysed         |       |       |     1 ||     1
 Armour: Robe              |    22 |       |       ||    22
         Chain mail        |    10 |    63 |   107 ||   180
         Ring mail         |     1 |       |       ||     1
  Dodge: Dodged            |    41 |    54 |    48 ||   143

Table legend: (Time is in decaauts)
 A = Elapsed time spent in this place.
 B = Non-inter-level travel time spent in this place.
 C = Inter-level travel time spent in this place.
 D = Time resting spent in this place.
 E = Time spent auto-exploring this place.
 F = Levels seen in this place.
 G = Mean time per level.
                   A        B        C        D        E       F      G
               +--------+--------+--------+--------+--------+-----+--------+
         Total |   6087 |   5619 |    468 |      0 |   4782 |   8 |  760.9 |
       Dungeon |   6064 |   5617 |    447 |      0 |   4782 |   7 |  866.3 |
        Temple |     22 |      1 |     21 |      0 |      0 |   1 |   22.0 |
               +--------+--------+--------+--------+--------+-----+--------+

Top non-repeatable levels by time:
     D:4: 1293 daAuts
     D:6: 1115 daAuts
     D:5: 907 daAuts
     D:3: 704 daAuts
     D:1: 692 daAuts
     D:2: 683 daAuts
     D:7: 666 daAuts
  Temple: 22 daAuts
